 Dungeon Crawl Stone Soup version 0.30-a0-862-g1aabd4f9c5 (webtiles) character file.

Game seed: 12052452094032305411

50 Maxmaps the Ducker (level 3, -5/35 HPs)
             Began as a Gnoll Monk on Mar 10, 2023.
             Blown up by Ijyb (14 damage)
             ... with a mindburst bolt
             ... on level 3 of the Dungeon.
             The game lasted 00:01:29 (1706 turns).

Maxmaps the Ducker (Gnoll Monk)                     Turns: 1706, Time: 00:01:30

Health: -5/35      AC:  8    Str: 10    XL:     3   Next: 79%
Magic:  4/4        EV: 10    Int: 11    God:
Gold:   123        SH:  0    Dex: 14    Spells: 4/4 levels left

rFire   . . .      SeeInvis +    a - +0 falchion
rCold   . . .      Faith    .    (no shield)
rNeg    . . .      Spirit   .    f - +0 scale mail
rPois   .          Reflect  .    (no helmet)
rElec   .          Rampage  .    b - +0 cloak
rCorr   .                        i - +0 pair of gloves
Will    .....                    (no boots)
Stlth   +                        (no amulet)
HPRegen 0.25/turn                j - ring of see invisible
MPRegen 0.09/turn                (no ring)

@: no status effects
A: fangs 1, strong nose, distributed training
a: no special abilities


You were on level 3 of the Dungeon.
You visited 1 branch of the dungeon, and saw 3 of its levels.

You collected 123 gold pieces.

Inventory:

Hand Weapons
 a - a +0 falchion (weapon)
Armour
 b - a +0 cloak (worn)
 f - a +0 scale mail (worn)
 i - a +0 pair of gloves (worn)
Jewellery
 j - a ring of see invisible (left hand)
Scrolls
 d - a scroll of torment {unknown}
 h - a scroll of fear {unknown}
Potions
 c - a potion of ambrosia
 e - a potion of mutation {unknown}
 g - a potion of flight {unknown}
 k - 3 potions of haste {unknown}


   Skills:
 + Level 6.5 Fighting
 + Level 1.0 Short Blades
 + Level 6.5 Long Blades
 + Level 1.0 Axes
 + Level 1.0 Maces & Flails
 + Level 1.0 Polearms
 + Level 1.0 Staves
 + Level 1.0 Ranged Weapons
 + Level 1.0 Throwing
 + Level 1.0 Armour
 + Level 6.5 Dodging
 + Level 4.2 Stealth
 + Level 1.0 Shields
 + Level 1.0 Unarmed Combat
 + Level 1.0 Spellcasting
 + Level 0.7 Conjurations
 + Level 0.7 Hexes
 + Level 0.7 Summonings
 + Level 0.7 Necromancy
 + Level 0.7 Translocations
 + Level 0.7 Transmutations
 + Level 0.7 Fire Magic
 + Level 0.7 Ice Magic
 + Level 0.7 Air Magic
 + Level 0.7 Earth Magic
 + Level 0.7 Poison Magic
 + Level 1.0 Invocations
 + Level 1.0 Evocations


You had 4 spell levels left.
You didn't know any spells.
Your spell library was empty.

Dungeon Overview and Level Annotations

Branches:
Dungeon (3/15)

Altars:

Annotations:
D:3 Ijyb


Innate Abilities, Weirdness & Mutations

You have very sharp teeth.
Your uncanny sense of smell can sniff out nearby items.
Your experience applies equally to all skills.


Message History

The goblin hits you with a +0 dagger of speed.
You slash the adder!
You kill the adder!
You feel sick. Ijyb hits you but does no damage. The goblin closely misses you.
Your Short Blades skill increases to level 1!
Your Axes skill increases to level 1!
Your Maces & Flails skill increases to level 1!
Your Polearms skill increases to level 1!
Your Staves skill increases to level 1!
Your Ranged Weapons skill increases to level 1!
Your Throwing skill increases to level 1!
Your Armour skill increases to level 1!
Your Shields skill increases to level 1!
Your Unarmed Combat skill increases to level 1!
Your Spellcasting skill increases to level 1!
Your Evocations skill increases to level 1!
Unknown command.
You hit the goblin.
The goblin is severely wounded.
You feel sick. Ijyb closely misses you. The goblin barely misses you. x2
You hit the goblin.
You kill the goblin!
You feel sick. Ijyb completely misses you.
You hit Ijyb.
Ijyb is lightly wounded.
You feel sick.
You are no longer poisoned.
Ijyb hits you with a +2 spectral club!
You hit Ijyb but do no damage.
Ijyb is lightly wounded.
A rat comes into view.
Ijyb hits you with a +2 spectral club.
You hit Ijyb.
Ijyb is lightly wounded.
Ijyb hits you with a +2 spectral club.
* * * LOW HITPOINT WARNING * * *
You hit Ijyb but do no damage.
Ijyb is lightly wounded.
Ijyb zaps a wand.
Your mind is blasted!
You die...

...........
#........... #
........... ...
##..........
.....###.$.........
.......<<..........
?.......#..........
......###..).......
.....# ##.@†......
.###..r.....g......
....#######(.#.# .
. ## #.


You could see Ijyb and a rat.

Vanquished Creatures
  An adder (D:3)
  A worm (D:2)
  4 endoplasms
  3 giant cockroaches
  5 goblins
  2 hobgoblins
  5 kobolds
  A quokka (D:1)
  4 ball pythons
  4 bats
  5 frilled lizards
35 creatures vanquished.

Notes
Turn   | Place    | Note
-------+----------+-------------------------------------------
     0 | D:1      | Maxmaps the Gnoll Monk began the quest for the Orb.
     0 | D:1      | Reached XP level 1. HP: 23/23 MP: 1/1
   189 | D:1      | Reached XP level 2. HP: 28/29 MP: 2/2
  1011 | D:2      | Reached XP level 3. HP: 20/35 MP: 3/3
  1267 | D:2      | Identified the +1 ring mail of Courage {Int+2}
  1285 | D:2      | Reached skill level 1 in Invocations
  1689 | D:3      | Noticed Ijyb
  1701 | D:3      | Reached skill level 1 in Short Blades
  1701 | D:3      | Reached skill level 1 in Axes
  1701 | D:3      | Reached skill level 1 in Maces & Flails
  1701 | D:3      | Reached skill level 1 in Polearms
  1701 | D:3      | Reached skill level 1 in Staves
  1701 | D:3      | Reached skill level 1 in Ranged Weapons
  1701 | D:3      | Reached skill level 1 in Throwing
  1701 | D:3      | Reached skill level 1 in Armour
  1701 | D:3      | Reached skill level 1 in Shields
  1701 | D:3      | Reached skill level 1 in Unarmed Combat
  1701 | D:3      | Reached skill level 1 in Spellcasting
  1701 | D:3      | Reached skill level 1 in Evocations
  1706 | D:3      | Blown up by Ijyb

Illustrated notes

Levels and vault maps discovered:
D:1:      kilobyte_arrival_exit_the_forest, layout_basic
D:2:      layout_rooms
D:3:      layout_rooms, mainiacjoe_overflow_alcove_2, uniq_jessica, uniq_ijyb

Skill      XL: |  1  2  3 |
---------------+----------+-----
Invocations    | 1 |  1.0
Short Blades   | 1 |  1.0
Axes           | 1 |  1.0
Maces & Flails | 1 |  1.0
Polearms       | 1 |  1.0
Staves         | 1 |  1.0
Ranged Weapons | 1 |  1.0
Throwing       | 1 |  1.0
Armour         | 1 |  1.0
Shields        | 1 |  1.0
Unarmed Combat | 1 |  1.0
Spellcasting   | 1 |  1.0
Evocations     | 1 |  1.0
Fighting       | |  6.5
Long Blades    | |  6.5
Dodging        | |  6.5
Stealth        | |  4.2
Conjurations   | |  0.7
Hexes          | |  0.7
Summonings     | |  0.7
Necromancy     | |  0.7
Translocations | |  0.7
Transmutations | |  0.7
Fire Magic     | |  0.7
Ice Magic      | |  0.7
Air Magic      | |  0.7
Earth Magic    | |  0.7
Poison Magic   | |  0.7

Action                     || total
---------------------------++-------
  Melee: Falchion          ||   119
         Bite              ||    13
   Stab: Sleeping          ||     2
 Armour: Robe              ||     3
         Scale mail        ||    57
  Dodge: Dodged            ||    77

Table legend: (Time is in decaauts)
 A = Elapsed time spent in this place.
 B = Non-inter-level travel time spent in this place.
 C = Inter-level travel time spent in this place.
 D = Time resting spent in this place.
 E = Time spent auto-exploring this place.
 F = Levels seen in this place.
 G = Mean time per level.
                   A        B        C        D        E       F      G
               +--------+--------+--------+--------+--------+-----+--------+
         Total |   1714 |   1656 |     58 |    228 |   1139 |   3 |  571.3 |
       Dungeon |   1714 |   1656 |     58 |    228 |   1139 |   3 |  571.3 |
               +--------+--------+--------+--------+--------+-----+--------+

Top non-repeatable levels by time:
     D:1: 964 daAuts
     D:2: 733 daAuts
     D:3: 16 daAuts
